 Dungeon Crawl Stone Soup version 0.28-a0-563-gf77a47075d (webtiles) character file.

Game seed: 4155501531540303567

13540 Johnny the Frost Mage (level 11, -3/99 HPs)
             Began as a Black Draconian Ice Elementalist on Sept 30, 2021.
             Was an Elder of Sif Muna.
             Slain by a cyclops (19 damage)
             ... on level 11 of the Dungeon.
             The game lasted 00:16:29 (12851 turns).

Johnny the Frost Mage (DrIE)                       Turns: 12851, Time: 00:16:30

Health: -3/99      AC: 27    Str: 10    XL:     11   Next: 76%
Magic:  18/23      EV: 12    Int: 19    God:    Sif Muna [****..]
Gold:   660        SH:  0    Dex: 12    Spells: 16/27 levels left

rFire   . . .      SeeInvis .   l - +6 flail (protect)
rCold   + . .      Faith    .   (no shield)
rNeg    . . .      Spirit   .   (armour unavailable)
rPois   .          Reflect  .   (helmet restricted)
rElec   +          Harm     .   j - +2 cloak
rCorr   .          Rampage  .   (no gloves)
Will    .....                   (no boots)
Stlth   ++........              s - amulet of magic regeneration
HPRegen 0.26/turn               q - ring of protection from fire
MPRegen 0.43/turn               h - ring of ice

@: ice-armoured, under a protective aura
A: breathe lightning, AC +7, unfitting armour, electricity resistance,
cold-blooded
a: Breathe Lightning, Renounce Religion, Channel Magic, Forget Spell, Divine
Exegesis


You were on level 11 of the Dungeon.
You worshipped Sif Muna.
Sif Muna was greatly pleased with you.
You visited 2 branches of the dungeon, and saw 13 of its levels.

You collected 660 gold pieces.

Inventory:

Hand Weapons
 l - a +6 flail of protection (weapon)
 F - the +4 broad axe "Ruruczes" {vorpal, *Slow rPois rN+}
   (You found it on level 10 of the Dungeon)

   It inflicts extra damage upon your enemies.
   rPois:     It protects you from poison.
   rN:        It protects you from negative energy.
   *Slow:     It may slow you when you take damage.
Armour
 f - a +0 kite shield
 j - a +2 cloak (worn)
Magical Staves
 H - a staff of earth
Jewellery
 d - a ring of willpower
 h - a ring of ice (right hand)
 q - a ring of protection from fire (left hand)
 s - an amulet of magic regeneration (around neck)
Wands
 m - a wand of acid (6)
 o - a wand of iceblast (13)
 p - a wand of charming (8)
 w - a wand of polymorph (9)
Scrolls
 n - 3 scrolls of enchant armour
 u - 2 scrolls of immolation
 x - 3 scrolls of teleportation
 y - 2 scrolls of summoning
 B - a scroll of vulnerability {unknown}
 C - a scroll of magic mapping {unknown}
 D - a scroll of identify
 E - a scroll of fog
 G - a scroll of noise {unknown}
Potions
 a - 2 potions of might {unknown}
 b - 10 potions of curing
 c - a potion of magic {unknown}
 e - 3 potions of attraction
 g - 2 potions of haste {unknown}
 i - 2 potions of flight {unknown}
 r - a potion of brilliance {unknown}
 t - 6 potions of heal wounds {unknown}
 v - 2 potions of invisibility {unknown}
 z - 3 potions of degeneration {unknown}
 A - 2 potions of lignification {unknown}
Miscellaneous
 k - a condenser vane


   Skills:
 + Level 10.0 Fighting
 - Level 1.7 Dodging
 - Level 1.7 Stealth
 + Level 7.5 Shields
 + Level 8.7 Spellcasting
 + Level 10.1 Ice Magic
 + Level 8.4 Invocations


You had 16 spell levels left.
You knew the following spells:

 Your Spells              Type           Power      Damage    Failure   Level
a - Freeze                Ice            100%       1d11      1%          1
b - Frozen Ramparts       Ice            100%       1d12      1%          3
c - Ozocubu's Armour      Ice            63%        N/A       1%          3
f - Hailstorm             Conj/Ice       41%        3d10      11%         4

Your spell library contained the following spells:

 Spells                   Type           Power      Damage    Failure   Level
 Ensorcelled Hibernation  Hex/Ice        82%        N/A       1%          2
 Magic Dart               Conj           32%        1d4       9%          1
 Call Imp                 Summ           8%         N/A       13%         2
 Static Discharge         Conj/Air       8%         N/A       13%         2
 Gell's Gravitas          Tloc           4%         N/A       26%         3
 Lesser Beckoning         Tloc           8%         N/A       26%         3
 Mephitic Cloud           Conj/Pois/Air  8%         N/A       26%         3
 Spider Form              Tmut/Pois      4%         N/A       26%         3
 Teleport Other           Tloc           8%         N/A       26%         3
 Lightning Bolt           Conj/Air       4%         1d15      93%         5
 Maxwell's Capacitive Co  Air            4%         ∞         100%        8


Dungeon Overview and Level Annotations

Branches:
Dungeon (12/15)            Temple (1/1) D:5            Lair (0/6) D:8
    Orc (0/2) D:11

Altars:
Ashenzari
Cheibriados
Dithmenos
Elyvilon
Fedhas
Gozag
Hepliaklqana
Kikubaaqudgha
Makhleb
Nemelex Xobeh
Qazlal
Sif Muna
Trog
Uskayaw
Vehumet
Wu Jian
Xom
Yredelemnul
Zin

Shops:
D:6 *


Innate Abilities, Weirdness & Mutations

You can breathe wild blasts of lightning.
Your glossy black scales are hard. (AC +7)
You cannot fit into any form of body armour.
You are resistant to electric shocks. (rElec)
You are cold-blooded and may be slowed by cold attacks.


Message History

The cyclops hits you but does no damage.
Casting: Freeze (safe; 1% risk of failure)
Confirm with . or Enter, or press ? or * to list all spells.
Aiming: Freeze (safe; 1% risk of failure)
Press: ? - help, Shift-Dir - straight line, f/p - cyclops
Aim: a cyclops, quivering large rocks (moderately wounded)
You feel a surge of power!
You freeze the cyclops!
The cyclops is heavily wounded.
The cyclops hits you!
You hit the cyclops.
The cyclops is severely wounded.
The cyclops hits you but does no damage.
Casting: Freeze (safe; 1% risk of failure)
Confirm with . or Enter, or press ? or * to list all spells.
Aiming: Freeze (safe; 1% risk of failure)
Press: ? - help, Shift-Dir - straight line, f/p - cyclops
Aim: a cyclops, quivering large rocks (severely wounded)
You feel a surge of power!
You freeze the cyclops!
The cyclops is severely wounded.
The cyclops hits you but does no damage.
You hit the cyclops but do no damage.
The cyclops is severely wounded.
The cyclops hits you!!
* * * LOW HITPOINT WARNING * * *
Casting: Freeze (safe; 1% risk of failure)
Confirm with . or Enter, or press ? or * to list all spells.
Aiming: Freeze (safe; 1% risk of failure)
Press: ? - help, Shift-Dir - straight line, f/p - cyclops
Aim: a cyclops, quivering large rocks (severely wounded)
You feel a surge of power!
You freeze the cyclops.
The cyclops is severely wounded.
Casting: Freeze (safe; 1% risk of failure)
Confirm with . or Enter, or press ? or * to list all spells.
Aiming: Freeze (safe; 1% risk of failure)
Press: ? - help, Shift-Dir - straight line, f/p - cyclops
Aim: a cyclops, quivering large rocks (severely wounded)
You feel a surge of power!
You freeze the cyclops.
The cyclops is almost dead.
The cyclops hits you!!
You die...

........................#
........................#
.......#######..........#
.......# #..........#
.......# #..........#
.......# #.......####
.....<.'. #.......#
######### ##.....## .# .
#.@...# .# .#. #.C..##
.#. .#. #....# ... ..
#....# #..### .# ##....#
......##.##..##....#
.....#.....#.##.....
#.)#.#.##..###....
#.##.##.#.#


You could see a cyclops.

Vanquished Creatures
  A fire dragon (D:10)
  A two-headed ogre (D:5)
  A phantasmal warrior (D:9)
  2 ugly things
  A cyclops (D:10)
  Joseph (D:8)
  An unseen horror (D:12)
  2 komodo dragons (D:10)
  A troll (D:8)
  A hornet (D:9)
  The ghost of Heedrag the Conjurer, an amateur DsCj (D:4)
  A wraith (D:10)
  2 wyverns
  14 yaks
  A basilisk (D:12)
  2 steam dragons
  Edmund (D:4)
  7 orc warriors
  2 sky beasts
  2 water moccasins
  4 ice beasts
  3 necrophages
  5 ogres
  4 centaurs
  A phantom (D:6)
  2 scorpions (D:8)
  7 bullfrogs
  2 gnoll sergeants
  A water moccasin skeleton (D:5)
  10 killer bees
  4 wights (D:8)
  8 howler monkeys
  A bullfrog zombie (D:5)
  4 centaur zombies
  2 jellies
  A bullfrog skeleton (D:5)
  4 centaur skeletons
  5 orc priests
  Crazy Yiuf (D:6)
  5 hounds
  5 iguanas
  5 orc wizards
  2 hound skeletons
  3 howler monkey zombies
  Robin (D:4)
  A howler monkey skeleton (D:5)
  16 gnolls
  17 adders
  An adder zombie (D:5)
  2 adder skeletons
  6 dart slugs
  27 orcs
  5 ball pythons
  7 endoplasms
  3 giant cockroaches
  5 hobgoblins
  7 kobolds
  2 quokkas (D:2)
  A bat (D:3)
  3 frilled lizards
  20 goblins
  5 rats
263 creatures vanquished.

Vanquished Creatures (others)
  A gnoll (D:9)
  9 fungi (D:8)
  22 plants
32 creatures vanquished.

Grand Total: 295 creatures vanquished

Notes
Turn   | Place    | Note
-------+----------+-------------------------------------------
     0 | D:1      | Johnny the Draconian Ice Elementalist began the quest for
                  | the Orb.
     0 | D:1      | Reached XP level 1. HP: 14/14 MP: 3/3
   986 | D:2      | Reached skill level 1 in Fighting
   986 | D:2      | Reached XP level 2. HP: 20/23 MP: 0/5
  1378 | D:2      | Reached XP level 3. HP: 29/29 MP: 2/6
  1811 | D:2      | Reached XP level 4. HP: 21/36 MP: 2/8
  2144 | D:2      | Found a faded altar of an unknown god.
  2412 | D:3      | Reached XP level 5. HP: 37/44 MP: 3/9
  2620 | D:3      | Found an opulent altar of Gozag.
  2705 | D:3      | Learned a level 3 spell: Frozen Ramparts
  2709 | D:3      | Learned a level 3 spell: Ozocubu's Armour
  3276 | D:4      | Noticed Edmund
  3292 | D:3      | Reached skill level 5 in Ice Magic
  3434 | D:4      | Found a blossoming altar of Fedhas.
  3509 | D:4      | Killed Edmund
  3510 | D:4      | Reached XP level 6. HP: 52/52 MP: 0/11
  3598 | D:4      | Found a stormy altar of Qazlal.
  3605 | D:4      | Noticed Robin
  3631 | D:4      | Killed Robin
  3981 | D:4      | Found a large runed translucent door.
  3982 | D:4      | Found a large runed translucent door.
  3997 | D:4      | Noticed Heedrag's ghost (amateur DsCj)
  4265 | D:4      | Killed Heedrag's ghost
  4266 | D:4      | Your scales start taking on a glossy black colour.
  4266 | D:4      | Reached XP level 7. HP: 60/60 MP: 7/13
  4266 | D:4      | Gained mutation: You are resistant to electric shocks.
                  | (rElec) [Black Draconian growth]
  4334 | D:5      | Entered Level 5 of the Dungeon
  4334 | D:5      | Found a staircase to the Ecumenical Temple.
  4343 | Temple   | Entered the Ecumenical Temple
  4446 | Temple   | Became a worshipper of Sif Muna the Loreminder
  4512 | D:5      | Reached skill level 5 in Fighting
  4663 | D:5      | Reached skill level 1 in Shields
  4663 | D:5      | Reached skill level 5 in Spellcasting
  4663 | D:5      | Reached skill level 1 in Invocations
  4867 | D:5      | Reached XP level 8. HP: 69/69 MP: 15/15
  4983 | D:5      | Found a hide-covered altar of Uskayaw.
  4983 | D:5      | Noticed a +0 spear
  4983 | D:5      | Noticed a +0 short sword
  4983 | D:5      | Noticed a +0 spear
  4984 | D:5      | Noticed a +0 short sword
  4985 | D:5      | Noticed a +0 falchion
  4986 | D:5      | Noticed a +0 falchion
  4986 | D:5      | Noticed a +0 dagger
  4987 | D:5      | Noticed a +0 dagger
  5365 | D:5      | Reached * piety under Sif Muna
  5627 | D:5      | Noticed a two-headed ogre
  5635 | D:5      | Killed a two-headed ogre
  5636 | D:5      | Reached XP level 9. HP: 53/78 MP: 8/18
  5642 | D:5      | Identified the +2 chain mail "Bonur" {rPois Str+4}
  5828 | D:6      | Learned a level 4 spell: Hailstorm
  5927 | D:6      | Found Horaf's Gadget Gallery.
  6350 | D:6      | Found a runed translucent door.
  6351 | D:6      | Noticed Crazy Yiuf
  6362 | D:6      | Killed Crazy Yiuf
  6599 | D:6      | Reached ** piety under Sif Muna
  6725 | D:6      | Found a burning altar of Makhleb.
  6741 | D:6      | Reached skill level 5 in Invocations
  7803 | D:8      | You fall into a shaft and drop 1 floor!
  7816 | D:9      | Reached XP level 10. HP: 71/88 MP: 10/20
  7822 | D:9      | Reached skill level 5 in Shields
  7886 | D:9      | Reached *** piety under Sif Muna
  7927 | D:8      | Noticed Joseph
  8618 | D:8      | Found a hazy altar of Hepliaklqana.
  8671 | D:8      | Killed Joseph
  9066 | D:8      | Found a staircase to the Lair.
  9933 | D:9      | Reached XP level 11. HP: 90/97 MP: 19/22
 10012 | D:9      | Noticed a cyan ugly thing
 10025 | D:9      | Killed a cyan ugly thing
 10181 | D:9      | Found Fudeidyat's Distillery.
 10259 | D:10     | Entered Level 10 of the Dungeon
 10574 | D:10     | Noticed a fire dragon
 10585 | D:10     | Killed a fire dragon
 11086 | D:10     | Noticed a purple ugly thing
 11097 | D:10     | Killed a purple ugly thing
 11097 | D:10     | Reached **** piety under Sif Muna
 11123 | D:10     | You fall into a shaft and drop 2 floors!
 11379 | D:10     | Noticed a phantasmal warrior
 11381 | D:10     | Reached skill level 10 in Ice Magic
 12133 | D:9      | Killed a phantasmal warrior
 12188 | D:10     | Identified the +4 broad axe "Ruruczes" {vorpal, *Slow rPois
                  | rN+}
 12573 | D:11     | Reached skill level 10 in Fighting
 12582 | D:11     | Found a staircase to the Orcish Mines.
 12851 | D:11     | Slain by a cyclops

Illustrated notes

Levels and vault maps discovered:
D:1:      ncdulo_smallfort, layout_loops_corners
D:2:      layout_loops_ring, ebering_ecumenical_altar_hall, serial_bayou,
          serial_bayou_ford_a, serial_bayou_pond_d, serial_bayou_pond_a,
          serial_bayou_crossing, minmay_box_of_dots
D:3:      layout_basic, nicolae_gozag_cash_rules_everything_around_me
D:4:      layout_cave_pools, grunt_temple_overflow_forces_of_nature,
          ebering_ghost_disaster_area, minmay_misc_feat_enclosed, uniq_edmund,
          uniq_robin
D:5:      kennysheep_windowed_halls, layout_cave_pools,
          nicolae_uskayaw_en_pointe, minmay_temple_entry_large_hall
D:6:      layout_cave_pools, makhleb_blood_cavern_becter, minmay_misc_feat_iff,
          nicolae_shop_gadgets, uniq_crazy_yiuf_cottage
D:7:      layout_gridville, roderic_lattice_a
D:8:      layout_basic, kennysheep_mini_moat, grunt_lair_entry_orc_guard_hut,
          mrwooster_statue_mirror, uniq_joseph
D:9:      layout_big_octagon, nicolae_stop_n_shop_2
D:10:     wad_arrow_thing, layout_irregular_city, kennysheep_island_fort
D:11:     layout_irregular_city, erik_orc_3
D:12:     layout_irregular_city, uniq_nessos
Temple:   nicolae_temple_elliptical

Skill      XL: |  1  2  3  4  5  6  7  8  9 10 11 |
---------------+----------------------------------+-----
Fighting       | 1 2 3 4 5 6 7 9 10 | 10.0
Spellcasting   | 3 4 5 6 7 8 |  8.7
Ice Magic      | 5 6 7 8 9 10 | 10.1
Shields        | 1 3 4 6 7 |  7.5
Invocations    | 1 3 5 7 8 |  8.4
Dodging        | |  1.7
Stealth        | |  1.7

Action                   |  1- 3 |  4- 6 |  7- 9 | 10-12 || total
-------------------------+-------+-------+-------+-------++-------
Melee: Whip              |    47 |    42 |       |       ||    89
       Unarmed           |     4 |       |       |       ||     4
       Tailslap          |     5 |    12 |    31 |    37 ||    85
       Flail             |       |    34 |   291 |   188 ||   513
 Cast: Freeze            |    23 |    31 |    39 |    66 ||   159
       Frozen Ramparts   |       |     5 |    12 |    25 ||    42
       Ozocubu's Armour  |       |     2 |     8 |    25 ||    35
       Hailstorm         |       |       |     6 |    25 ||    31
Invok: Channel Magic     |       |       |       |     1 ||     1
 Abil: Breathe Lightning |       |       |     2 |     2 ||     4
Evoke: Wand              |       |     2 |       |    14 ||    16
  Use: Scroll            |       |       |     7 |     7 ||    14
       Potion            |       |       |       |     3 ||     3
 Stab: Sleeping          |     3 |     1 |     3 |       ||     7
       Paralysed         |       |     3 |       |     4 ||     7
       Distracted        |       |       |     1 |     1 ||     2
Armor: Skin              |    16 |    33 |   168 |   248 ||   465
Dodge: Dodged            |    51 |    98 |   382 |   242 ||   773
Block: Other             |       |    19 |    20 |       ||    39
       Reflection        |       |     1 |       |       ||     1

Table legend: (Time is in decaauts)
 A = Elapsed time spent in this place.
 B = Non-inter-level travel time spent in this place.
 C = Inter-level travel time spent in this place.
 D = Time resting spent in this place.
 E = Time spent auto-exploring this place.
 F = Levels seen in this place.
 G = Mean time per level.
                   A        B        C        D        E       F      G
               +--------+--------+--------+--------+--------+-----+--------+
         Total |  13090 |  12681 |    409 |   2655 |   7682 |  13 | 1006.9 |
       Dungeon |  12958 |  12595 |    363 |   2655 |   7610 |  12 | 1079.8 |
        Temple |    131 |     85 |     46 |      0 |     72 |   1 |  131.0 |
               +--------+--------+--------+--------+--------+-----+--------+

Top non-repeatable levels by time:
    D:10: 1594 daAuts
     D:8: 1548 daAuts
     D:5: 1406 daAuts
     D:2: 1383 daAuts
     D:6: 1238 daAuts
     D:9: 1073 daAuts
     D:3: 1059 daAuts
     D:7: 1054 daAuts
     D:4: 968 daAuts
     D:1: 962 daAuts
    D:11: 452 daAuts
    D:12: 216 daAuts
  Temple: 131 daAuts
